 Dungeon Crawl Stone Soup version 0.28.0 (webtiles) character file.

Game seed: 6434667162571093806

72 HallandMoats the Skirmisher (level 4, 40/40 HPs)
             Began as a Ghoul Monk on Feb 6, 2022.
             Was a Believer of Kikubaaqudgha.
             Safely got out of the dungeon.
             The game lasted 00:01:55 (1763 turns).

HallandMoats the Skirmisher (Ghoul Monk)            Turns: 1763, Time: 00:01:56

Health: 40/40      AC:  5    Str: 16    XL:     4   Next: 26%
Magic:  3/3        EV: 11    Int:  5    God:    Kikubaaqudgha [**....]
Gold:   49         SH:  0    Dex: 11    Spells: 3/3 levels left

rFire   . . .      SeeInvis .     - Unarmed
rCold   + . .      Faith    .   (no shield)
rNeg    + + +      Spirit   .   e - +0 ring mail
rPois   ∞          Reflect  .   (no helmet)
rElec   .          Harm     .   (no cloak)
rCorr   .          Rampage  .   (no gloves)
Will    .....                   (no boots)
Stlth   +.........              (no amulet)
HPRegen 0.13/turn               (no ring)
MPRegen 0.08/turn               (no ring)

@: no status effects
A: claws 1, cold resistance 1, negative energy resistance 3, inhibited
regeneration, torment resistance 2
a: Renounce Religion, Receive Corpses


You escaped.
You worshipped Kikubaaqudgha.
Kikubaaqudgha was pleased with you.
You visited 1 branch of the dungeon, and saw 2 of its levels.

You collected 49 gold pieces.

Inventory:

Missiles
 d - 2 throwing nets (quivered)
Armour
 e - a +0 ring mail (worn)
Jewellery
 i - a +6 ring of intelligence
Wands
 h - a wand of flame (12)
Scrolls
 a - a scroll of fear {unknown}
 c - a scroll of enchant weapon {unknown}
 f - a scroll of enchant armour {unknown}
 k - a scroll of fog {unknown}
 l - a scroll of identify {unknown}
 m - a scroll of holy word {unknown}
Potions
 b - 3 potions of mutation {unknown}
 g - a potion of might {unknown}
 j - a potion of haste {unknown}


   Skills:
 + Level 3.9 Fighting
 + Level 1.4 Armour
 + Level 3.2 Dodging
 - Level 2.1 Stealth
 + Level 3.9 Unarmed Combat


You had 3 spell levels left.
You didn't know any spells.
Your spell library contained the following spells:

 Spells                   Type           Power      Damage    Failure   Level
 Animate Skeleton         Necr           0%         N/A       69%         1
 Magic Dart               Conj           0%         1d3       69%         1
 Pain                     Necr           0%         1d4       69%         1
 Vampiric Draining        Necr           0%         2d6       96%         3
 Agony                    Necr           0%         N/A       100%        5


Dungeon Overview and Level Annotations

Branches:
Dungeon (2/15)

Altars:
Kikubaaqudgha


Innate Abilities, Weirdness & Mutations

You thrive by killing the living.
You are immune to poison.
You have sharp fingernails.
Your flesh is cold resistant. (rC+)
You are immune to negative energy. (rN+++)
You do not regenerate when monsters are visible.
You are immune to unholy pain and torment.


Message History

No target in view!
No target in view!
No target in view!
No target in view!
No target in view!
No target in view!
No target in view!
You see here a ball python corpse.
Found a club.
k - a scroll labelled FAUVIM PECWAIR You open the door.
There is an open door here.
l - a scroll labelled DAOTUOMETU You open the door.
Found a club.
There is an open door here.
Found a stone staircase leading down.
m - a scroll labelled INIFAUSEZI You open the door.
There is a stone staircase leading down here.
As you open the door, it creaks loudly!
There is an open door here.
You see here a ball python skeleton.
Done exploring.
Done exploring.
Done exploring.
Done exploring.
(D) Dungeon
Where to? (Enter - D:2, ? - help)
What level of the Dungeon? (default 1, ? - help)
You see here a +0 club.
There is an open door here.
There is an open door here.
There is a stone staircase leading up here.
You climb upwards.
There is a stone staircase leading down here.
You see here 15 stones.
There is a staircase leading out of the dungeon here.
Are you sure you want to leave the Dungeon?
This will make you lose the game!
You have escaped!

#.############ #.......
#.P≈≈≈≈≈≈≈≈≈P# #.......
#..P≈≈≈≈≈≈≈P.####.......
#...P≈≈≈≈≈P...(........#
#....P≈≈≈P....####.##.#.
#.....P≈P.....# #.##.#.
#......P......# #.##.#.
#.............# #..#.#.
#......@......# ##.#.#.
##...........## #...#.
#.....P.....# ##....
#....P≈P....# #..##
#...P≈≈≈P...# #..##
#..P≈≈≈≈≈P..# #..#.
#.P≈≈≈≈≈≈≈P.# #)>#.
#P≈≈≈≈≈≈≈≈≈P# ####.
############# #.


There were no monsters in sight!

Vanquished Creatures
  2 adders
  A worm (D:2)
  2 dart slugs
  4 ball pythons
  2 bats
  4 endoplasms
  3 giant cockroaches (D:1)
  6 goblins
  4 hobgoblins (D:1)
  A quokka (D:1)
  4 frilled lizards (D:1)
  7 kobolds
  5 rats
45 creatures vanquished.

Vanquished Creatures (others)
  A plant (D:2)
1 creature vanquished.

Grand Total: 46 creatures vanquished

Notes
Turn   | Place    | Note
-------+----------+-------------------------------------------
     0 | D:1      | HallandMoats the Ghoul Monk began the quest for the Orb.
     0 | D:1      | Reached XP level 1. HP: 19/19 MP: 0/0
   147 | D:1      | Reached XP level 2. HP: 19/26 MP: 1/1
   352 | D:1      | Reached skill level 1 in Armour
   352 | D:1      | Reached XP level 3. HP: 31/31 MP: 2/2
  1082 | D:2      | Reached XP level 4. HP: 21/40 MP: 3/3
  1242 | D:2      | Found a faded altar of an unknown god.
  1247 | D:2      | Got Plato's Compendium of Conjuration
  1248 | D:2      | Prayed at the altar of an unknown god.
  1248 | D:2      | Became a worshipper of Kikubaaqudgha
  1248 | D:2      | Reached * piety under Kikubaaqudgha
  1248 | D:2      | Received a gift from Kikubaaqudgha
  1248 | D:2      | Reached ** piety under Kikubaaqudgha
  1763 | D:$      | Safely got out of the dungeon.

Illustrated notes

Levels and vault maps discovered:
D:1:      eino_arrival_druids_welcome, layout_basic, wad_floor_pattern_untrapped
D:2:      layout_basic, shapermc_ecumenical_altar_rom_forum

Skill      XL: |  1  2 |
---------------+-------+-----
Armour         | 1 |  1.4
Dodging        | 3 |  3.2
Fighting       | |  3.9
Stealth        | |  2.1
Unarmed Combat | |  3.9

Action                   |  1- 3 |  4- 6 || total
-------------------------+-------+-------++-------
Melee: Unarmed           |   101 |    12 ||   113
       Punch             |     2 |       ||     2
 Stab: Sleeping          |     2 |       ||     2
Armor: Robe              |     7 |       ||     7
       Ring mail         |    15 |       ||    15
Dodge: Dodged            |    66 |     5 ||    71
